Map: Ley Lines

Players

ilsar

  • Race: Protoss Protoss
  • League: Gold
  • Spawn Location: 7:00

Sindyr - Winner!

  • Race: Zerg Zerg
  • League: Master
  • Spawn Location: 1:00

VOD

Have the link to the VOD?

Description

Time

  • Played on: Oct. 20, 2025, 11:43 a.m.
  • Length: 13:57
Show
View Real Time Build Order
Export as new Build Order

ilsar Protoss 

Build Orders:  

Get SALT Encoding   

  1  0:00  Probe  
  13  0:23  Probe  
  15  0:35  Probe, Pylon  
  15  0:53  Probe  
  16  0:57  Gateway  
  16  1:01  Gateway, Probe  
  16  1:09  Probe  
  18  1:20  Forge, Probe  
  19  1:32  Probe  
  20  1:44  Probe, Zealot  
  23  1:56  Pylon  
  23  2:03  Cybernetics Core  
  23  2:13  Assimilator  
  23  2:14  Probe, Zealot  
  26  2:23  Probe  
  26  2:26  Pylon  
  26  2:29  Pylon  
  27  2:31  Probe  
  27  2:37  Gateway  
  28  2:38  Gateway  
  28  2:40  Probe  
  29  2:52  Probe  
  30  3:02  Nexus  
  30  3:04  Probe  
  31  3:07  Stalker  
  33  3:20  Assimilator  
  33  3:26  Pylon  
  33  3:28  Zealot, Assimilator  
  35  3:43  Twilight Council  
  35  3:53  Photon Cannon  
  35  3:55  Stalker  
  37  4:22  Stalker x2  
  41  4:35  Shield Battery  
  41  4:37  Photon Cannon  
  38  5:06  Photon Cannon  
  38  5:08  Photon Cannon  
  38  5:09  Probe  
  38  5:10  Shield Battery  
  38  5:13  Photon Cannon  
  39  5:15  Stalker x2  
  39  5:17  Probe  
  43  5:27  Probe  
  45  5:39  Probe  
  42  5:49  Probe  
  35  5:57  Probe  
  36  6:04  Stalker x2  
  36  6:05  Stalker  
  36  6:06  Probe  
  36  6:07  Photon Cannon  
  36  6:08  Photon Cannon  
  43  6:13  Charge, Protoss Ground Weapons Level 1  
  43  6:18  Probe  
  44  6:27  Stalker  
  44  6:30  Probe  
  47  6:34  Stalker  
  47  6:39  Stalker  
  51  6:49  Pylon  
  51  6:58  Gateway  
  51  6:59  Stalker  
  53  7:19  Probe  
  53  7:22  Assimilator  
  53  7:27  Probe  
  47  7:37  Probe  
  46  7:46  Stalker x3  
  46  7:49  Probe  
  47  7:53  Blink  
  47  8:00  Nexus  
  47  8:01  Probe  
  48  8:11  Dark Shrine  
  48  8:18  Stargate  
  48  8:22  Stargate  
  48  8:34  Protoss Ground Weapons Level 2, Probe  
  49  8:42  Protoss Air Weapons Level 1  
  49  8:43  Probe  
  50  8:50  Stalker, Pylon  
  50  8:51  Probe  
  53  9:01  Stargate  
  53  9:10  Stargate  
  53  9:24  Fleet Beacon  
  53  9:28  Shadow Stride  
  53  9:31  Dark Templar  
  40  10:05  Phoenix  
  40  10:06  Phoenix  
  42  10:07  Phoenix  
  42  10:13  Stalker  
  40  10:26  Probe  
  40  10:34  Probe  
  41  10:41  Photon Cannon  
  42  10:47  Phoenix  
  44  11:02  Anion Pulse-Crystals  
  44  11:08  Probe  
  44  11:16  Probe  
  46  11:26  Probe  
  46  11:54  Dark Templar x2  
  44  12:21  Dark Templar  
  42  12:47  Dark Templar  
  42  13:05  Dark Templar  
Show
View Real Time Build Order
Export as new Build Order

Sindyr Zerg - Winner!

Build Orders: Hatch First 

Get SALT Encoding   

  12  0:01  Drone  
  13  0:10  Drone  
  13  0:13  Extractor  
  13  0:16  Drone  
  14  0:28  Overlord  
  14  0:46  Drone x2  
  16  1:01  Hatchery, Drone  
  16  1:06  Drone  
  17  1:27  Spawning Pool  
  17  1:28  Drone  
  17  1:31  Drone  
  18  1:39  Overlord  
  18  2:14  Queen x2  
  22  2:18  Zergling x2  
  22  2:19  Zergling x4  
  22  2:20  Zergling x2  
  26  2:25  Metabolic Boost  
  26  2:29  Drone  
  27  2:34  Drone  
  28  2:50  Queen, Drone  
  31  2:51  Drone  
  32  3:02  Drone  
  32  3:03  Drone x2  
  35  3:07  Overlord  
  35  3:31  Hatchery  
  34  3:35  Lair  
  34  3:41  Drone x2, Evolution Chamber  
  35  3:42  Drone  
  35  3:44  Drone  
  35  3:47  Drone  
  38  3:58  Extractor  
  37  4:09  Roach Warren  
  36  4:26  Drone x2  
  36  4:27  Overlord  
  37  4:44  Drone  
  37  4:45  Drone x5, Spine Crawler  
  43  4:46  Spine Crawler  
  43  4:48  Spine Crawler  
  43  4:49  Queen  
  39  5:04  Spore Crawler  
  39  5:06  Spore Crawler  
  37  5:10  Spore Crawler  
  37  5:12  Spore Crawler  
  35  5:15  Drone x2, Spine Crawler  
  35  5:16  Spine Crawler  
  35  5:17  Extractor, Drone  
  35  5:20  Drone  
  36  5:22  Drone  
  37  5:33  Roach x3  
  43  5:40  Roach x2  
  43  5:42  Zergling x2  
  46  5:44  Zergling x2  
  46  5:46  Zergling x2  
  46  5:49  Zergling x2  
  49  5:51  Zergling x2  
  49  5:53  Zergling x2  
  51  6:04  Zerg Missile Weapons Level 1  
  51  6:08  Drone x3  
  54  6:17  Overlord x2  
  54  6:20  Drone  
  55  6:32  Evolution Chamber  
  54  6:34  Drone x3  
  54  6:35  Spine Crawler  
  56  6:45  Drone x3  
  56  6:46  Drone  
  60  6:50  Roach x6  
  60  6:54  Drone x2  
  74  7:12  Overlord x2  
  74  7:15  Glial Reconstitution  
  74  7:17  Zerg Ground Armor Level 1  
  74  7:26  Zergling x4  
  74  7:27  Zergling x2  
  72  7:34  Roach x8  
  85  7:37  Roach  
  85  7:44  Drone x3  
  84  7:58  Extractor, Drone  
  83  7:59  Drone x2  
  83  8:03  Zerg Missile Weapons Level 2  
  86  8:15  Overseer  
  86  8:17  Overseer  
  86  8:23  Extractor  
  85  8:30  Drone x5  
  85  8:32  Overlord x3  
  90  8:40  Infestation Pit  
  89  8:48  Drone  
  90  8:50  Drone x3  
  90  8:51  Drone x2  
  95  9:01  Roach x3, Zergling x4  
  103  9:13  Zerg Ground Armor Level 2  
  103  9:16  Pneumatized Carapace  
  103  9:17  Hatchery  
  103  9:18  Overseer  
  97  9:42  Roach x9  
  97  9:44  Overlord x3  
  113  9:53  Hive  
  113  9:57  Hydralisk Den  
  112  10:31  Queen  
  112  10:35  Drone  
  115  10:40  Hydralisk x4  
  115  10:41  Hydralisk x5  
  115  10:42  Roach x5  
  143  10:43  Overlord x2  
  143  11:47  Overlord x3  
  143  11:51  Hydralisk x4  
  151  11:58  Overlord  
  151  11:59  Overlord x5, Extractor  
  150  12:03  Muscular Augments  
  146  12:46  Hydralisk x18  
  146  12:47  Hydralisk x5, Roach x2  
  146  12:48  Roach x2  
  200  12:59  Overseer x4  
  198  13:07  Grooved Spines  
  193  13:39  Spore Crawler  
  193  13:41  Spore Crawler  
  189  13:43  Spine Crawler  
  189  13:44  Spine Crawler  
  189  13:47  Spore Crawler  
Tags
 
Matchup
PvZ
Replay Pack
Multiplayer
Spawn Locations
Cross Positions
Add a new tag
Caveats
  • Supply blocks, unpowered buildings, or Contaminate may cause inaccurate times.
  • Supply counts are checked every 10 seconds.